 Dungeon Crawl Stone Soup version 0.27.1-1-g398f81649c (webtiles) character file.

Game seed: 346780734787032323

1857 Descartes the Covert (level 8, 0/34 HPs)
             Began as a Felid Wanderer on Sept 11, 2021.
             Succumbed to Psyche's arc of chaos
             ... on level 8 of the Dungeon.
             The game lasted 00:18:22 (10616 turns).

Descartes the Covert (Felid Wanderer)              Turns: 10616, Time: 00:18:23

Health: 0/34       AC:  2    Str: 11    XL:     8   Next: 89%
Magic:  0/10       EV: 26    Int: 14    God:
Gold:   435        SH:  0    Dex: 14    Spells: 2/8 levels left
                                        Lives:  0   Deaths: 2

rFire    + . .     SeeInvis +     - Unarmed
rCold    . . .     Faith    .   (shield unavailable)
rNeg     . . .     Spirit   +   (armour unavailable)
rPois    .         Reflect  .   (helmet unavailable)
rElec    .         Harm     .   (cloak unavailable)
rCorr    .         Rampage  .   (gloves unavailable)
Will     +....                  (boots unavailable)
Stlth    +++++.....             x - amulet of guardian spirit
HPRegen  0.11/turn              m - +4 ring of evasion
MPRegen  0.12/turn              q - ring of protection from fire

@: lethally poisoned (0 -> -1), studying Stealth, quick
A: very small, claws 1, fangs 3, see invisible, speed 1, shaggy fur 2, stealthy
paws, no weapons or thrown items, no armour, multi-lived, horns 1
a: no special abilities


You were on level 8 of the Dungeon.
You visited 2 branches of the dungeon, and saw 9 of its levels.
You also visited: Sewer.

You collected 435 gold pieces.

Inventory:

Missiles
 h - 213 stones
Jewellery
 m - a +4 ring of evasion (left paw)
 q - a ring of protection from fire (right paw)
 v - a ring of protection from fire
 x - an amulet of guardian spirit (around neck)
Wands
 f - a wand of iceblast (12)
 o - a wand of flame (19)
 r - a wand of paralysis (7)
Scrolls
 b - a scroll of blinking
 c - a scroll of teleportation
 g - a scroll of magic mapping
 j - a scroll of torment
 n - a scroll of summoning
 s - a scroll of fear
 u - a scroll of fog {unknown}
Potions
 a - 2 potions of haste
 d - 3 potions of curing
 e - 2 potions of flight
 i - 2 potions of brilliance
 k - 2 potions of attraction
 l - a potion of might
 p - a potion of resistance {unknown}
 t - 2 potions of berserk rage
 w - 2 potions of lignification


   Skills:
 - Level 3.0 Fighting
 * Level 10.2 Dodging
 * Level 11.6 Stealth
 + Level 6.7 Unarmed Combat
 + Level 0.6 Spellcasting
 - Level 5.0 Hexes
 + Level 1.3 Translocations
 - Level 3.0 Evocations


You had 2 spell levels left.
You knew the following spells:

 Your Spells              Type           Power      Damage    Failure   Level
a - Ensorcelled Hibernat  Hex/Ice        14%        N/A       16%         2
b - Apportation           Tloc           8%         N/A       16%         1
c - Tukima's Dance        Hex            14%        N/A       11%         3

Your spell library contained the following spells:

 Spells                   Type           Power      Damage    Failure   Level
 Corona                   Hex            15%        N/A       3%          1
 Animate Skeleton         Necr           0%         N/A       28%         1
 Magic Dart               Conj           0%         1d3       28%         1
 Summon Small Mammal      Summ           0%         N/A       28%         1
 Searing Ray              Conj           0%         3d3       38%         2
 Fulminant Prism          Conj/Hex       3%         3d6       69%         4


Dungeon Overview and Level Annotations

Branches:
Dungeon (8/15)             Temple (1/1) D:7           Sewer (visited)
   Lair: D:8-11

Altars:
Ashenzari
Cheibriados
Dithmenos
Fedhas
Gozag
Hepliaklqana
Kikubaaqudgha
Makhleb
Okawaru
Qazlal
Ru
Sif Muna
Trog
Uskayaw
Vehumet
Wu Jian
Xom
Yredelemnul
Zin
The Shining One

Annotations:
D:8 Psyche


Innate Abilities, Weirdness & Mutations

You have sharp claws.
You have razor-sharp teeth.
You have supernaturally acute eyesight. (SInv)
You cover ground quickly. (Speed+)
You are covered in thick fur. (AC +2)
Your paws help you pounce on unaware monsters.
You are incapable of wielding weapons or throwing items.
You cannot wear armour.
You gain extra lives every three experience levels.
You have a pair of small horns on your head.


Message History

The bullfrog completely misses you. x2
Psyche laughs secretively.
There is an open door here.
Psyche gestures wildly while chanting.
A swirling arc of seething chaos appears!
The arc of chaos hits the bullfrog.
The bullfrog seems to slow down.
The arc of chaos hits you.
You are poisoned.
The bullfrog completely misses you.
You feel sick.
Psyche gestures wildly while chanting.
A swirling arc of seething chaos appears!
The arc of chaos hits the bullfrog.
The bullfrog seems to speed up.
The arc of chaos hits you.
You are more poisoned.
You feel sick.
There is an open door here.
You feel sick.
Psyche laughs secretively.
You scratch the bullfrog.
The bullfrog is moderately wounded.
You feel sick. The bullfrog completely misses you.
Psyche gestures wildly while chanting.
A swirling arc of seething chaos appears!
The arc of chaos hits the bullfrog!
The arc of chaos hits you.
You claw the bullfrog!
You kill the bullfrog!
You feel sick.
Your life force feels restored.
Okay, then.
You feel sick.
Aiming: Paralyse
Press: ? - help, Shift-Dir - straight line, f - Psyche
Aim: Psyche, wielding a +2 dagger of distortion and wearing a +0 robe (moderately wounded, slightly transparent, chance to affect: 21%) Psyche resists with almost no effort.
You feel sick.
Psyche hits you with a +2 dagger of distortion.
* * * LOW HITPOINT WARNING * * *
Space warps horribly around you!
* * * LOW HITPOINT WARNING * * *
You die...

.... ...................
.... ...................
... .................... >#
#.........##'######+# .#
#.........+.......... .#
#.........#.......... .#
#.........#.......... .#
#.........###†#####+# .#
#.......[.@.@........
.######....................
........#####'##...........
#.......#......#...........
#.......#......#...........
#.......#......########....
#.......#+##...# ....
######### ##### ...


You could see Psyche (invisible).

Vanquished Creatures
  Pikel (D:5)
  Maggie (D:8)
  A wraith (D:7)
  Purgy (Sewer)
  A hornet zombie (D:7)
  2 orc warriors
  An ice beast (D:7)
  A sky beast (D:5)
  A black bear (D:5)
  A necrophage (D:6)
  2 ogres (D:6)
  A kobold brigand (D:7)
  2 bullfrogs
  A water moccasin zombie (D:6)
  A scorpion (D:6)
  A wyvern skeleton (D:7)
  2 water moccasin skeletons
  A bullfrog zombie (D:3)
  3 jellies
  An orc priest (D:7)
  2 bullfrog skeletons (D:6)
  A gnoll shaman (D:3)
  A centaur skeleton (D:4)
  3 hounds
  4 orc wizards
  Robin (D:2)
  7 adders
  3 gnolls
  A river rat (D:6)
  A shadow imp (D:7)
  A white imp (D:7)
  2 worms
  2 dart slugs
  17 orcs
  11 bats
  10 endoplasms
  8 giant cockroaches
  9 hobgoblins
  2 jackals (D:2)
  11 kobolds
  3 quokkas
  3 ball pythons
  14 goblins
  8 rats
151 creatures vanquished.

Vanquished Creatures (others)
  3 plants (D:3)
3 creatures vanquished.

Grand Total: 154 creatures vanquished

Notes
Turn   | Place    | Note
-------+----------+-------------------------------------------
     0 | D:1      | Descartes the Felid Wanderer began the quest for the Orb.
     0 | D:1      | Descartes set off with the following items: a potion of
                  | haste, a scroll of blinking, a scroll of teleportation, a
                  | potion of curing
     0 | D:1      | Reached XP level 1. HP: 10/10 MP: 2/2
   291 | D:1      | Reached skill level 2 in Stealth
   338 | D:1      | Reached XP level 2. HP: 14/14 MP: 3/3
   556 | D:1      | Found a faded altar of an unknown god.
  1043 | D:1      | Reached XP level 3. HP: 16/17 MP: 4/4
  1103 | D:1      | Reached skill level 3 in Stealth
  2605 | D:2      | Reached XP level 4. HP: 18/21 MP: 5/5
  2991 | D:3      | Reached skill level 4 in Stealth
  3411 | D:3      | Reached XP level 5. HP: 24/24 MP: 6/6
  3416 | D:3      | Noticed Robin
  3935 | D:3      | Found a stormy altar of Qazlal.
  3939 | D:3      | Found a burning altar of Makhleb.
  3940 | D:3      | Found a shadowy altar of Dithmenos.
  3941 | D:3      | Found a blossoming altar of Fedhas.
  3941 | D:3      | Found a basalt altar of Yredelemnul.
  3941 | D:3      | Found an ancient bone altar of Kikubaaqudgha.
  3943 | D:3      | Found a shimmering altar of Xom.
  3944 | D:3      | Found a bloodstained altar of Trog.
  3945 | D:3      | Found a shimmering blue altar of Sif Muna.
  3946 | D:3      | Found a broken altar of Ashenzari.
  4019 | D:3      | Found a sacrificial altar of Ru.
  4339 | D:2      | Killed Robin
  4340 | D:2      | Reached skill level 5 in Stealth
  4886 | D:4      | Reached skill level 5 in Dodging
  4886 | D:4      | Gained mutation: You are covered in thick fur. (AC +2)
                  | [Felid growth]
  4886 | D:4      | Reached XP level 6. HP: 19/28 MP: 7/7
  5282 | D:4      | Reached skill level 6 in Stealth
  5497 | D:5      | Entered Level 5 of the Dungeon
  5536 | D:5      | Reached skill level 5 in Unarmed Combat
  5782 | D:5      | Noticed Pikel
  5782 | D:5      | Splashed by Pikel's acid
  5783 | D:5      | Reached XP level 5. HP: 0/24 MP: 6/6
  5835 | D:5      | Killed Pikel
  5836 | D:5      | Reached skill level 7 in Stealth
  5836 | D:5      | Reached XP level 6. HP: 28/28 MP: 7/7
  5836 | D:5      | Reached XP level 7. HP: 31/31 MP: 8/8
  6216 | D:5      | Reached skill level 8 in Stealth
  6231 | D:5      | Learned a level 2 spell: Ensorcelled Hibernation
  6922 | D:6      | Identified the +1 leather armour "Oceeqoa" {rElec Dex+2}
  7021 | D:6      | Found a glowing drain.
  7026 | Sewer    | Entered a sewer
  7063 | Sewer    | Noticed Purgy
  7070 | Sewer    | Killed Purgy
  7071 | Sewer    | Reached skill level 1 in Hexes
  7350 | D:6      | Reached XP level 8. HP: 19/34 MP: 9/9
  7731 | D:6      | Reached skill level 9 in Stealth
  8361 | D:6      | Gained mutation: You have a pair of small horns on your
                  | head. [potion of mutation]
  9003 | D:7      | Killed from afar by a white imp
  9004 | D:7      | Reached XP level 7. HP: -1/31 MP: 8/8
  9025 | D:7      | Reached skill level 10 in Stealth
  9031 | D:7      | Reached XP level 8. HP: 34/34 MP: 9/9
  9298 | D:7      | Identified a scroll of acquirement
  9300 | D:7      | Acquired a manual of Stealth
  9331 | D:7      | Found a staircase to the Ecumenical Temple.
  9350 | D:7      | HP: 1/34 [ice beast (4)]
  9778 | Temple   | Entered the Ecumenical Temple
 10115 | D:7      | Reached skill level 11 in Stealth
 10125 | D:7      | Learned a level 1 spell: Apportation
 10129 | D:7      | Learned a level 3 spell: Tukima's Dance
 10401 | D:8      | Noticed Maggie
 10418 | D:8      | Killed Maggie
 10419 | D:8      | Reached skill level 10 in Dodging
 10419 | D:8      | Reached skill level 5 in Hexes
 10419 | D:8      | Reached skill level 1 in Translocations
 10593 | D:8      | Noticed Psyche
 10615 | D:8      | HP: 1/34 [Psyche (9)]
 10616 | D:8      | Succumbed to Psyche's arc of chaos

Illustrated notes

Levels and vault maps discovered:
D:1:      lightli_arrival_statue_moat, layout_loops_ring,
          shapermc_ecumenical_altar_venn
D:2:      layout_loops_cross
D:3:      layout_loops_ring, minitemple, nicolae_ru_awakened_eye, serial_glass,
          glass_columns_b, glass_columns_a, glass_columns_a, glass_columns_a,
          glass_columns_b, glass_columns_b, glass_columns_a, glass_columns_a,
          glass_columns_a, glass_columns_b, guppyfry_early_lair_pool, uniq_robin
D:4:      layout_rooms
D:5:      layout_layer_cave, uniq_pikel
D:6:      layout_basic, gup_sewer_entry_spiral, minmay_misc_feat_square
D:7:      layout_cave_pools, minmay_temple_entry_sparse_star
D:8:      cheibrodos_iron_armory, layout_gridville, uniq_psyche, uniq_maggie
Temple:   compressed_dpeg_triangle_lava_temple

Skill      XL: |  1  2  3  4  5  6  7  8 |
---------------+-------------------------+-----
Stealth        | 2 3 4 7 6 10 11 | 11.6
Dodging        | 2 3 4 7 10 | 10.2
Unarmed Combat | 5 6 |  6.7
Evocations     | 2 3 |  3.0
Hexes          | 4 5 |  5.0
Translocations | 1 |  1.3
Fighting       | |  3.0
Spellcasting   | |  0.6

Action                   |  1- 3 |  4- 6 |  7- 9 || total
-------------------------+-------+-------+-------++-------
Melee: Unarmed           |   100 |   125 |   238 ||   463
       Bite              |     5 |     9 |    13 ||    27
       Punch             |     1 |     4 |     7 ||    12
       Headbutt          |       |       |    19 ||    19
Evoke: Wand              |       |     4 |    11 ||    15
  Use: Scroll            |       |     4 |    11 ||    15
       Potion            |       |       |     1 ||     1
 Stab: Sleeping          |     3 |     7 |    15 ||    25
       Distracted        |       |       |     1 ||     1
       Paralysed         |       |       |     1 ||     1
Armor: Skin              |     7 |     4 |     8 ||    19
Dodge: Dodged            |    66 |   120 |   186 ||   372
